 Dungeon Crawl Stone Soup version 0.15-a0-1485-g692b94f (console) character file.

739 Sabretooth the Gouger (level 7, -7/31 HPs)
             Began as a Felid Fighter on June 14, 2014.
             Was an Initiate of Cheibriados.
             Killed from afar by Joseph (9 damage)
             ... with a wand of flame
             ... on Level 9 of the Dungeon.
             The game lasted 00:13:26 (2314 turns).

Sabretooth the Gouger (Felid Fighter)               Turns: 2314, Time: 00:13:26

HP  -7/31        AC  2     Str 20      XL: 7   Next: 46%
MP  12/17        EV 25     Int 10      God: Cheibriados [......]
Gold 169         SH  0     Dex 17      Spells:  3 memorised,  0 levels left
Lives: 0, deaths: 2

rFire  . . .     SeeInvis +       - Unarmed
rCold  . . .     Clarity  .     (armour unavailable)
rNeg   . . .     rCorr    .     (shield unavailable)
rPois  .         rRot     .     (helmet unavailable)
rElec  .         Spirit   .     (cloak unavailable)
SustAb .         Warding  .     (gloves unavailable)
rMut   +         Stasis   .     (boots unavailable)
Gourm  .                        n - amulet of resist mutation
MR     +....                    (no ring)
                                (no ring)

@: mighty, lethally poisoned, invisible, somewhat resistant to hostile
enchantments, unstealthy
A: paw claws, no armour, no weapons or thrown items, fangs 3, see invisible,
carnivore 3, speed 1, shaggy fur 2, slow metabolism 1, jump 2
a: Jump Attack, Bend Time, Renounce Religion


You were on level 9 of the Dungeon.
You worshipped Cheibriados.
Cheibriados was noncommittal.
You were not hungry.

You visited 2 branches of the dungeon, and saw 10 of its levels.

You collected 169 gold pieces.

Inventory:

Armour
 k - the +5 scale mail "Guetowuw" {Dex+4, unknown}
   (You found it on level 5 of the Dungeon)

   It affects your dexterity (+4).
Magical devices
 j - a wand of paralysis (0)
 u - a wand of frost (11)
Comestibles
 b - a beef jerky
 d - a meat ration
Scrolls
 i - 4 scrolls of remove curse
 o - a scroll of torment {unknown}
 r - a scroll of teleportation
Jewellery
 n - an amulet of resist mutation (around neck)
Potions
 a - a potion of haste
 c - a potion of beneficial mutation {unknown}
 f - a potion of confusion {unknown}
 h - a potion of resistance {unknown}
 l - a potion of curing {unknown}
 m - 2 potions of invisibility
 p - a potion of heal wounds
 q - a potion of brilliance


   Skills:
 - Level 3.0 Fighting
 + Level 9.1 Dodging
 + Level 9.3 Unarmed Combat
 + Level 4.3 Invocations
 - Level 5.0 Evocations


You couldn't memorise any spells.
You knew the following spells:

 Your Spells              Type           Power        Failure   Level  Hunger
a - Blink                 Tloc           N/A          61%         2    ###....
b - Repel Missiles        Chrm/Air       #.....       61%         2    ###....
c - Conjure Flame         Conj/Fire      #.......     92%         3    ####...


Dungeon Overview and Level Annotations

Branches:
Dungeon (9/15)             Temple (1/1) D:6
    Orc: D:9-12        Lair: D:8-11

Altars:
Cheibriados
Dithmenos
Elyvilon
Kikubaaqudgha
Makhleb
Nemelex Xobeh
Okawaru
Sif Muna
Trog
Vehumet
Xom
Yredelemnul

Annotations:
D:3 Terence
D:8 Psyche
D:9 Joseph


Innate Abilities, Weirdness & Mutations

You cannot wear armour.
You are incapable of wielding weapons or throwing items.
Your paws have sharp claws.
You have razor-sharp teeth.
You have supernaturally acute eyesight.
You are carnivorous and can eat meat at any time.
You cover ground quickly.
You are covered in thick fur (AC +2).
You have a slow metabolism.
You can jump attack at a medium distance.


Message History

A giant spiked club.
The floor, spattered with blood.
Unknown command.
Drink which item? (? for menu, Esc to quit)
You feel very mighty all of a sudden.
You feel sick.
Joseph unwields an uncursed sling.
Joseph wields an uncursed quarterstaff.
Joseph hits you with an uncursed quarterstaff!
* * * LOW HITPOINT WARNING * * *
You claw Joseph!
Joseph begins to bleed from his wounds!
Your punch misses Joseph.
Joseph is moderately wounded.
The adder closely misses you.
Drink which item? (? for menu, Esc to quit)
You fade into invisibility!
It was a potion of invisibility.
* * * LOW HITPOINT WARNING * * *
You feel sick. The adder closely misses you.
Joseph zaps a wand.
The puff of flame hits you!
You die...

. #.# #S@#
$..######
...#.(#
#.#@.##
#.S@..##
#.....<#
.........#
###......#
##....##
##..##
#.!# ####


You could see Joseph (bleeding) and an adder (bleeding).

Vanquished Creatures
  Pikel (D:6)
  A feature mimic (D:8)
  A hill giant zombie (D:5)
  A sky beast (D:5)
  A phantom (D:6)
  A black bear (D:8)
  An ice beast (D:5)
  A centaur (D:7)
  2 ogres
  2 giant frogs (D:7)
  Blork the orc (D:8)
  A scorpion (D:6)
  A goliath beetle (D:6)
  A centaur zombie (D:7)
  2 crimson imps
  A jelly (D:7)
  3 hounds
  2 orc priests (D:7)
  A black bear zombie (D:5)
  An iguana (D:7)
  An orc wizard (D:7)
  A worker ant (D:7)
  A worker ant zombie (D:5)
  5 adders
  A shadow imp (D:7)
  An adder zombie (D:7)
  3 giant geckos
  An ooze (D:7)
  4 orcs
  A giant cockroach (D:5)
  A goblin (D:4)
  3 hobgoblins
  3 jackals
  3 kobolds
  2 bats
  A giant gecko zombie (D:5)
  A giant newt (D:1)
  3 rats
  A rat skeleton (D:6)
  A butterfly (D:6)
64 creatures vanquished.

Vanquished Creatures (others)
  A slave (D:6)
  A worker ant (D:6)
2 creatures vanquished.

Grand Total: 66 creatures vanquished

Notes
Turn   | Place    | Note
--------------------------------------------------------------
     0 | D:1      | Sabretooth, the Felid Fighter, began the quest for the Orb.
     0 | D:1      | Reached XP level 1. HP: 10/10 MP: 2/2
    58 | D:2      | Reached XP level 2. HP: 12/14 MP: 3/3
   174 | D:3      | Noticed Terence
   208 | D:4      | Reached skill level 5 in Unarmed Combat
   208 | D:4      | Reached XP level 3. HP: 4/17 MP: 5/5
   386 | D:5      | Entered Level 5 of the Dungeon
   471 | D:5      | Reached skill level 1 in Evocations
   471 | D:5      | Reached XP level 4. HP: 17/21 MP: 7/7
   490 | D:5      | Found a deep blue altar of Sif Muna.
   528 | D:5      | Noticed a hill giant zombie
   557 | D:5      | Killed a hill giant zombie
   557 | D:5      | Reached skill level 6 in Unarmed Combat
   557 | D:5      | Reached XP level 5. HP: 24/24 MP: 7/10
   607 | D:5      | Got a steaming scale mail
   792 | D:5      | Noticed a sky beast
   800 | D:5      | Killed a sky beast
   800 | D:5      | Gained mutation: You are covered in thick fur (AC +2). [growing up]
   800 | D:5      | Gained mutation: You can jump attack at a medium distance. [growing up]
   800 | D:5      | Reached XP level 6. HP: 28/28 MP: 14/14
   880 | D:5      | Noticed an ice beast
   892 | D:5      | Killed an ice beast
   892 | D:5      | Reached skill level 5 in Evocations
   973 | D:6      | Noticed Pikel
  1001 | D:6      | Killed Pikel
  1001 | D:6      | Reached skill level 7 in Unarmed Combat
  1001 | D:6      | Reached XP level 7. HP: 16/31 MP: 17/17
  1070 | D:6      | Reached skill level 8 in Unarmed Combat
  1072 | D:6      | Found a staircase to the Ecumenical Temple.
  1086 | Temple   | Entered the Ecumenical Temple
  1201 | Temple   | Became a worshipper of Cheibriados the Contemplative
  1266 | D:6      | Reached XP level 8. HP: 24/34 MP: 18/18
  1315 | D:6      | Reached skill level 1 in Invocations
  1363 | D:6      | Identified a scroll of acquirement
  1694 | D:7      | Learned a level 2 spell: Blink
  1697 | D:7      | Learned a level 2 spell: Repel Missiles
  1701 | D:7      | Learned a level 3 spell: Conjure Flame
  1946 | D:8      | Killed a staircase mimic
  1946 | D:8      | Reached skill level 9 in Unarmed Combat
  1949 | D:8      | Paralysed by a potion of paralysis for 7 turns
  1955 | D:8      | Succumbed to a staircase mimic's poison
  1956 | D:8      | Reached XP level 7. HP: 0/31 MP: 17/17
  1958 | D:8      | Noticed Blork the orc
  1968 | D:8      | Reached XP level 8. HP: 34/34 MP: 18/18
  1975 | D:8      | Killed Blork the orc
  2264 | D:8      | Noticed Psyche
  2267 | D:8      | Killed from afar by Psyche
  2268 | D:8      | Reached XP level 7. HP: -2/31 MP: 17/17
  2302 | D:9      | Noticed Joseph
  2314 | D:9      | Killed from afar by Joseph

Action                   |  1- 3 |  4- 6 |  7- 9 || total
-------------------------+-------+-------+-------++-------
Melee: Unarmed           |    38 |    77 |   157 ||   272
Invok: Bend Time         |       |       |    10 ||    10
Evoke: Wand              |     1 |     5 |    10 ||    16
  Use: Potion            |       |       |     5 ||     5
       Scroll            |       |       |    11 ||    11
 Stab: Sleeping          |     1 |       |     4 ||     5
       Paralysed         |       |    30 |    15 ||    45
       Distracted        |       |     1 |       ||     1
